 Dungeon Sprint DCSS version 0.21.1-1-g345015f (webtiles) character file.

4600000 Fang the Axe Maniac (level 24, -155/249 HPs)
             Began as a Minotaur Gladiator on May 7, 2018.
             Was the Champion of Makhleb.
             Annihilated by a destroyer
             ... wielding a +9 great sword of slicing
              (226 damage)
             ... in the Dungeon (Sprint VIII: "Arena of Blood").
             The game lasted 00:00:37 (46 turns).

Fang the Axe Maniac (Minotaur Gladiator)              Turns: 46, Time: 00:00:38

Health: -155/249   AC:  6    Str: 29    XL:     24   Next: 20%
Magic:  22/53      EV: 31    Int:  5    God:    Makhleb [******]
Gold:   0          SH:  0    Dex: 14    Spells: 77/77 levels left

rFire    . . .     SeeInvis .   l - +∞ Axe of Woe
rCold    . . .     Gourm    .   (shield currently unavailable)
rNeg     . . .     Faith    .   b - +0 leather armour
rPois    .         Spirit   .   c - +0 hat
rElec    .         Reflect  .   (no cloak)
rCorr    .         Harm     .   (no gloves)
MR       +....     NoTele   +   (no boots)
Stlth    +++++++++.             (no amulet)
HPRegen  0.51/turn              (no ring)
MPRegen  0.33/turn              (no ring)

@: no status effects
A: retaliatory headbutt, horns 2
a: Minor Destruction, Lesser Servant of Makhleb, Major Destruction, Greater
Servant of Makhleb, Renounce Religion


You were in the Dungeon.
You worshipped Makhleb.
Makhleb was exalted by your worship.
You were not hungry.

You visited 1 branch

Inventory:

Hand Weapons
 a - a +0 war axe
 l - the +∞ Axe of Woe (weapon)
   (You found it in the Dungeon)
Missiles
 d - 3 throwing nets (quivered)
Armour
 b - a +0 leather armour (worn)
 c - a +0 hat (worn)
Scrolls
 k - a scroll of blinking
Potions
 e - a potion of curing
 g - a potion of heal wounds
 h - a potion of haste
 i - 2 potions of magic
 j - a potion of berserk rage
Comestibles
 f - a ration


   Skills:
 O Level 27 Fighting
 O Level 27 Axes
 O Level 27 Throwing
 O Level 27 Armour
 O Level 27 Dodging
 O Level 27 Stealth
 O Level 27 Unarmed Combat
 O Level 27 Spellcasting
 O Level 27 Invocations


You had 77 spell levels left.
You didn't know any spells.

Dungeon Overview and Level Annotations

Branches:
Dungeon (1/1)

Altars:
Makhleb


Innate Abilities, Weirdness & Mutations

You reflexively headbutt those who attack you in melee.
You have a pair of horns on your head.


Message History

There are monsters nearby!
You hear a shout! x11
The sculptor of flesh is engulfed in blazing flames.
The small abomination is engulfed in blazing flames.
The destroyer blinks!
You hear a shout! x2
A destroyer comes into view.
It is wielding a +9 great sword of slicing.
You hear a shout! x6
The sculptor of flesh is engulfed in blazing flames.
The sculptor of flesh hits you with a +9 great sword!!!!!
Ouch! That really hurt!
* * * LOW HITPOINT WARNING * * *
You hear a shout!
The small abomination is engulfed in blazing flames.
The small abomination barely misses you.
The meat berserker is engulfed in blazing flames.
The destroyer is engulfed in blazing flames.
The destroyer hits you with a +9 great sword of slicing!!!!!
Ouch! That really hurt!
You die...

.... ...O ..
.oO.. ... #O..
..# . #... ..# .
.V###... ..###..
....%.X###......
......%o@O......
.....#%Vzx§#....
... #_§§O§# . .
#)z§X§#
....§._..V..o
......###......
..###%.. ..###..
. #... ..# .
#... ..#


You could see 3 destroyers, 2 sculptors of flesh, a large bag of meat (inner
flame), 2 large abominations, a meat berserker (berserk), a small abomination
and a bag of meat.

Vanquished Creatures
  3 vampire knights (D)
  8 ogres (D)
  2 two-headed ogres (D)
  26 orcs (D)
  A large abomination (D)
  2 small abominations (D)
  A crawling corpse (D)
43 creatures vanquished.

Vanquished Creatures (others)
  4 crawling corpses (D)
4 creatures vanquished.

Grand Total: 47 creatures vanquished

Notes
Turn   | Place    | Note
-------+----------+-------------------------------------------
     0 | D        | Found the +∞ Axe of Woe
     0 | D        | Fang the Minotaur Gladiator began the quest for the Orb.
     0 | D        | Reached XP level 1. HP: 18/18 MP: 0/0
     3 | D        | Noticed a bag of meat
     4 | D        | Became a worshipper of Makhleb the Destroyer
     5 | D        | Noticed a bag of meat
     5 | D        | Noticed a bag of meat
     6 | D        | Noticed a bag of meat
     6 | D        | Noticed a bag of meat
     7 | D        | Noticed a bag of meat
     7 | D        | Noticed a bag of meat
     7 | D        | Noticed a bag of meat
     7 | D        | Noticed a bag of meat
     7 | D        | Noticed a meat berserker
     7 | D        | Killed a bag of meat
     7 | D        | Reached XP level 2. HP: 42/42 MP: 1/1
     7 | D        | Reached XP level 3. HP: 49/49 MP: 2/2
     7 | D        | Reached XP level 4. HP: 57/57 MP: 3/3
     7 | D        | Reached XP level 5. HP: 63/63 MP: 4/4
     7 | D        | Reached XP level 6. HP: 71/71 MP: 5/5
     7 | D        | Reached XP level 7. HP: 78/78 MP: 6/6
     7 | D        | Reached XP level 8. HP: 85/85 MP: 7/7
     7 | D        | Reached XP level 9. HP: 91/91 MP: 8/8
     7 | D        | Reached XP level 10. HP: 99/99 MP: 9/9
     7 | D        | Reached XP level 11. HP: 105/105 MP: 10/10
     9 | D        | Noticed a meat berserker
     9 | D        | Killed a bag of meat
     9 | D        | Reached * piety under Makhleb
     9 | D        | Reached XP level 12. HP: 89/118 MP: 11/11
     9 | D        | Killed a bag of meat
     9 | D        | Reached skill level 15 in Fighting
     9 | D        | Reached XP level 13. HP: 97/128 MP: 12/12
    10 | D        | Noticed a bag of meat
    10 | D        | Killed a bag of meat
    10 | D        | Reached XP level 14. HP: 105/138 MP: 13/13
    11 | D        | Killed a bag of meat
    11 | D        | Reached ** piety under Makhleb
    11 | D        | Reached skill level 27 in Axes
    12 | D        | Killed a meat berserker
    12 | D        | Reached skill level 27 in Dodging
    12 | D        | Reached XP level 15. HP: 163/163 MP: 14/14
    13 | D        | Reached skill level 5 in Armour
    14 | D        | Killed a meat berserker
    14 | D        | Reached *** piety under Makhleb
    14 | D        | Reached skill level 27 in Fighting
    14 | D        | Reached XP level 16. HP: 149/183 MP: 15/15
    15 | D        | Reached skill level 10 in Armour
    16 | D        | Noticed a meat berserker
    16 | D        | Noticed a meat berserker
    17 | D        | Reached skill level 27 in Throwing
    17 | D        | Reached XP level 17. HP: 156/191 MP: 16/16
    17 | D        | Reached **** piety under Makhleb
    18 | D        | Noticed a meat berserker
    19 | D        | Reached skill level 27 in Armour
    21 | D        | Killed a meat berserker
    21 | D        | Reached XP level 18. HP: 200/200 MP: 16/29
    21 | D        | Reached ***** piety under Makhleb
    21 | D        | Reached skill level 15 in Unarmed Combat
    21 | D        | Reached skill level 10 in Spellcasting
    23 | D        | Killed a meat berserker
    23 | D        | Reached skill level 15 in Stealth
    23 | D        | Reached XP level 19. HP: 207/207 MP: 16/34
    24 | D        | Reached skill level 15 in Spellcasting
    25 | D        | Killed a meat berserker
    25 | D        | Reached XP level 20. HP: 216/216 MP: 16/39
    25 | D        | Reached ****** piety under Makhleb
    26 | D        | Noticed a meat berserker
    29 | D        | Noticed a destroyer
    29 | D        | Noticed a meat berserker
    29 | D        | Reached skill level 27 in Unarmed Combat
    29 | D        | Reached XP level 21. HP: 224/224 MP: 17/43
    30 | D        | Noticed a large bag of meat
    31 | D        | Reached skill level 27 in Invocations
    33 | D        | Reached skill level 27 in Stealth
    34 | D        | Noticed a large bag of meat
    35 | D        | Killed a destroyer
    35 | D        | Reached skill level 27 in Spellcasting
    35 | D        | Reached XP level 22. HP: 233/233 MP: 18/52
    36 | D        | Noticed a destroyer
    36 | D        | Killed a large bag of meat
    37 | D        | Noticed a large bag of meat
    37 | D        | Noticed a large bag of meat
    39 | D        | Reached XP level 23. HP: 240/240 MP: 19/53
    40 | D        | Noticed a large bag of meat
    41 | D        | Noticed a destroyer
    41 | D        | Noticed a destroyer
    42 | D        | Killed a large bag of meat
    42 | D        | Killed a destroyer
    43 | D        | Killed a destroyer
    43 | D        | Reached XP level 24. HP: 249/249 MP: 20/53
    46 | D        | Noticed a destroyer
    46 | D        | Annihilated by a destroyer

Skill      XL: |  1  2  3  4  5  6  7  8  9 10 11 12 13 14 15 16 17 18 19 20 21 |
---------------+----------------------------------------------------------------+-----
Fighting       | 12 14 15 16 23 27 | 27.0
Axes           | 20 23 25 26 27 | 27.0
Throwing       | 9 11 12 13 18 24 27 | 27.0
Dodging        | 18 21 23 24 27 | 27.0
Armour         | 3 8 16 27 | 27.0
Stealth        | 11 15 21 24 27 | 27.0
Unarmed Combat | 13 18 24 27 | 27.0
Spellcasting   | 8 12 16 19 27 | 27.0
Invocations    | 12 16 22 26 27 | 27.0

Action                   |  1- 3 |  4- 6 |  7- 9 | 10-12 | 13-15 | 16-18 | 19-21 | 22-24 || total
-------------------------+-------+-------+-------+-------+-------+-------+-------+-------++-------
Melee: Executioner's axe |     1 |       |       |     1 |     5 |     6 |     9 |     7 ||    29
Dodge: Dodged            |       |       |       |       |       |       |       |     2 ||     2
